Map: Abyssal Reef LE

Players

Skoger - Winner!

  • Race: Zerg Zerg
  • League: Diamond
  • Spawn Location: 5:00

Yata

  • Race: Zerg Zerg
  • League: Platinum
  • Spawn Location: 11:00

VOD

Have the link to the VOD?

Description

Time

  • Played on: Oct. 3, 2017, 10:24 p.m.
  • Length: 10:16
Show
View Real Time Build Order
Export as new Build Order

Skoger Zerg - Winner!

Build Orders: Hatch First 

Get SALT Encoding   

  12  0:08  Overlord  
  12  0:13  Drone  
  13  0:17  Drone  
  14  0:26  Drone  
  15  0:30  Drone  
  16  0:41  Drone  
  17  0:52  Drone  
  18  1:00  Hatchery  
  17  1:11  Spawning Pool  
  17  1:14  Extractor  
  17  1:15  Drone  
  16  1:19  Drone  
  16  1:24  Drone  
  18  1:34  Drone  
  19  1:45  Drone  
  20  1:56  Hatchery  
  20  1:58  Drone  
  20  2:06  Queen  
  22  2:14  Baneling Nest  
  21  2:20  Spine Crawler  
  20  2:25  Zergling x2  
  20  2:27  Zergling x2  
  22  2:31  Drone  
  22  2:35  Drone  
  24  2:39  Drone  
  24  2:41  Drone  
  26  2:46  Drone  
  27  2:53  Drone  
  28  3:10  Queen  
  28  3:11  Queen  
  32  3:14  Drone x2  
  32  3:16  Baneling x2  
  32  3:17  Baneling  
  33  3:37  Overlord x2  
  33  3:57  Zergling x12  
  33  3:58  Zergling x6  
  42  4:05  Zergling x2  
  43  4:10  Zergling x6  
  43  4:14  Lair  
  43  4:15  Drone x3  
  49  4:18  Extractor, Drone  
  49  4:19  Drone  
  49  4:23  Overlord  
  50  4:31  Baneling x4  
  50  4:41  Overlord x3  
  50  4:48  Extractor  
  50  4:49  Extractor  
  50  4:50  Zergling x4  
  50  4:51  Zergling x2  
  51  4:54  Drone x2  
  51  4:58  Drone  
  55  5:00  Drone  
  55  5:03  Drone  
  55  5:04  Drone  
  57  5:16  Metabolic Boost  
  57  5:21  Spire  
  56  5:25  Evolution Chamber  
  55  5:28  Queen  
  57  5:46  Drone x4  
  57  5:47  Drone x2  
  63  6:04  Overlord x2  
  63  6:11  Drone x5  
  67  6:35  Mutalisk  
  67  6:36  Mutalisk x6  
  81  6:45  Mutalisk  
  83  6:54  Hatchery  
  83  6:58  Mutalisk  
  84  7:11  Mutalisk  
  84  7:15  Evolution Chamber  
  85  7:20  Mutalisk  
  87  7:23  Zergling x20  
  95  7:43  Zergling x2  
  95  7:44  Zergling x12  
  87  8:02  Mutalisk x4  
  87  8:05  Zergling x2  
  95  8:06  Zergling x2  
  95  8:10  Zergling x4  
  98  8:26  Mutalisk  
  98  8:27  Mutalisk x2  
  98  8:30  Overlord x3  
  104  8:39  Overlord x3  
  104  8:48  Mutalisk x2  
  104  8:52  Mutalisk  
  104  8:55  Zergling x2  
  111  8:56  Drone  
  111  8:57  Drone x7  
  111  8:59  Drone  
  111  9:00  Drone  
  121  9:14  Extractor  
  121  9:15  Drone, Queen  
  123  9:17  Extractor  
  122  9:29  Mutalisk  
  122  9:30  Mutalisk x2  
  128  9:32  Zergling x16  
  141  10:03  Drone  
  141  10:04  Drone  
Show
View Real Time Build Order
Export as new Build Order

Yata Zerg 

Build Orders: Hatch First, Zergling Baneling 

Get SALT Encoding   

  12  0:01  Drone  
  13  0:13  Overlord  
  13  0:17  Drone  
  14  0:31  Drone x2  
  14  0:35  Drone  
  17  0:56  Hatchery  
  16  0:57  Drone  
  16  1:02  Drone  
  18  1:11  Extractor  
  18  1:17  Spawning Pool  
  16  1:19  Drone  
  16  1:21  Drone  
  18  1:28  Drone  
  19  1:50  Overlord  
  19  2:02  Drone  
  19  2:05  Queen  
  19  2:07  Queen  
  24  2:12  Zergling x4  
  26  2:18  Metabolic Boost  
  26  2:24  Drone x2  
  28  2:35  Zergling x4  
  30  2:44  Baneling Nest  
  30  2:45  Drone x2  
  31  2:52  Drone  
  32  3:03  Queen  
  34  3:25  Drone x2  
  36  3:27  Overlord  
  36  3:28  Overlord x2  
  36  3:47  Drone  
  36  3:48  Drone x6  
  41  4:03  Zergling x4  
  43  4:29  Hatchery  
  42  4:35  Spine Crawler, Zergling x2  
  42  4:36  Zergling x20  
  52  4:40  Lair  
  52  4:57  Baneling x7  
  52  4:58  Baneling x2  
  52  5:03  Overlord x3  
  52  5:04  Overlord  
  52  5:21  Queen  
  52  5:25  Drone x6  
  52  5:26  Drone  
  61  5:40  Pneumatized Carapace  
  61  5:42  Drone  
  62  5:43  Drone x7  
  69  6:04  Zergling x2  
  69  6:05  Zergling x10  
  75  6:18  Zergling x2  
  75  6:19  Zergling x14  
  83  6:26  Spire  
  77  6:45  Spore Crawler  
  76  6:47  Spore Crawler  
  76  6:48  Spore Crawler  
  76  6:50  Zergling x2  
  76  6:51  Zergling x26  
  88  6:54  Baneling x3  
  88  7:01  Evolution Chamber x2  
  87  7:08  Drone x3  
  89  7:10  Overlord x2  
  88  7:20  Queen  
  89  7:28  Queen x2  
  93  7:38  Mutalisk  
  82  7:53  Extractor  
  82  7:54  Drone x3  
  82  7:57  Extractor, Drone  
  82  7:58  Drone x3  
  76  7:59  Extractor, Drone x2  
  76  8:28  Overlord x2  
  76  8:29  Overlord x3  
  76  8:30  Mutalisk x2  
  80  8:44  Extractor  
  79  8:50  Overlord x4  
  79  8:53  Mutalisk x3, Extractor  
  84  9:09  Mutalisk  
  84  9:13  Zergling x12  
  84  9:14  Zergling x16  
  84  9:15  Hatchery  
  99  9:26  Mutalisk x2  
  103  9:38  Zergling x10  
  101  9:39  Zergling x8  
  105  9:48  Zergling x2  
  105  9:49  Zergling x8  
  104  10:00  Drone  
Tags
 
Add a new tag
Caveats
  • Supply blocks, unpowered buildings, or Contaminate may cause inaccurate times.
  • Supply counts are checked every 10 seconds.